 Dungeon Sprint DCSS version 0.29.1-13-g9f3cf754e1 (webtiles) character file.

Game seed: 3959702478615385480

14864 theswoord the End of an Era (level 11, -16/84 (86) HPs)
             Began as a Demonspawn Conjurer on Jan 24, 2023.
             Was the Champion of Qazlal.
             Demolished by a +1 halberd of freezing (20 damage)
             ... in the Dungeon (Sprint V: "Ziggurat Sprint").
             The game lasted 00:18:27 (1793 turns).

theswoord the End of an Era (Demonspawn Conjurer)   Turns: 1793, Time: 00:18:28

HP:   -16/84 (86)   AC:  3    Str: 11    XL:     11   Next: 94%
MP:   0/25          EV: 12    Int: 34    God:    Qazlal [******]
Gold: 0             SH:  8    Dex: 18    Spells: 16/31 levels left

rFire   . . .      SeeInvis .   B - staff of air
rCold   . . .      Faith    .   (no shield)
rNeg    + . .      Spirit   +   Q - +1 robe {rN+}
rPois   .          Reflect  .   (helmet restricted)
rElec   +          Harm     .   (no cloak)
rCorr   +          Rampage  +   (no gloves)
Will    .....      NoTele   +   (no boots)
Stlth   +.........              P - amulet of Zofack {RegenMP Rampage}
HPRegen 0.24/turn               z - ring of Qout {rCorr Str+4 Int+4 Dex+6}
MPRegen 0.78/turn               k - +6 ring of intelligence

@: protected from electricity, lightly drained, repel missiles
A: horns 1, ignite blood 2, magic shield, magic regeneration, sturdy frame 1
a: Renounce Religion, Upheaval, Elemental Force, Disaster Area


You were in the Dungeon.
You worshipped Qazlal.
Qazlal was exalted by your worship.
You visited 1 branch

Inventory:

Hand Weapons
 t - the +8 storm bow {elec, penet}
   (You found it in the Dungeon)

   Any ammunition fired from it occasionally discharges a powerful burst of
   electricity upon striking a foe.
   Any ammunition fired by it passes through the targets it hits, potentially
   hitting all targets in its path until it reaches maximum range.
 E - the +7 great sword "Muel" {spect, Will+}
   (You found it in the Dungeon)

   When its wielder attacks, the weapon's spirit leaps out and strikes again.
   The spirit shares a part of any damage it takes with its wielder.
   Will:      It increases your willpower.
Armour
 a - a +0 robe
 u - a +5 crystal plate armour
 Q - a +1 robe of positive energy (worn)
 R - the +3 warlock's mirror {reflect}
   (You found it in the Dungeon)

   It can block and reflect piercing ranged attacks and magical attacks against
   the wielder's willpower.
Magical Staves
 B - a staff of air (weapon)
 G - a staff of fire
 L - a staff of earth
 O - a staff of death
Jewellery
 k - a +6 ring of intelligence (right hand)
 v - a +6 ring of intelligence
 w - a +6 ring of strength
 x - a +6 ring of strength
 y - a +6 ring of dexterity
 z - the ring of Qout (left hand) {rCorr Str+4 Int+4 Dex+6}
   (You found it in the Dungeon)

   [ring of dexterity]

   Str:       It affects your strength (+4).
   Int:       It affects your intelligence (+4).
   Dex:       It affects your dexterity (+6).
   rCorr:     It protects you from acid and corrosion.
 A - a ring of poison resistance
 K - a +4 ring of slaying
 P - the amulet of Zofack (around neck) {RegenMP Rampage}
   (You found it in the Dungeon)

   [amulet of magic regeneration]

   It increases your rate of magic regeneration.
   Rampage:   It bestows one free step when moving towards enemies.
Wands
 q - a wand of mindburst (7)
 r - a wand of quicksilver (7)
Scrolls
 g - 2 scrolls of blinking
 m - 4 scrolls of amnesia
 n - 7 scrolls of butterflies
 o - 5 scrolls of identify
 p - a scroll of fear
 C - a scroll of brand weapon
Potions
 b - 7 potions of magic
 c - 9 potions of curing
 d - 5 potions of heal wounds
 e - 6 potions of haste
 f - 3 potions of berserk rage
 h - 2 potions of brilliance
 i - a potion of invisibility
 j - 4 potions of resistance
 l - 5 potions of might
Miscellaneous
 s - a lightning rod (4/4)
 D - a phial of floods
 F - a tin of tremorstones (2/2)
 H - a phantom mirror
 I - a piece from Xom's chessboard (15/15)
 J - a phial of floods
 M - a lightning rod (4/4)
 N - a piece from Xom's chessboard (15/15)


   Skills:
 - Level 8.1 Fighting
 - Level 6.7 Ranged Weapons
 - Level 8.9 Armour
 - Level 1.7 Dodging
 - Level 1.7 Stealth
 - Level 10.5 Spellcasting
 + Level 14.5 Conjurations
 * Level 11.3 Air Magic
 + Level 19.2 Invocations
 - Level 7.6 Evocations


You had 16 spell levels left.
You knew the following spells:

 Your Spells              Type           Power      Damage    Failure   Level
a - Magic Dart            Conj           100%       1d8       0%          1
b - Fulminant Prism       Conj/Hex       30%        3d16      1%          4
c - Iskenderun's Mystic   Conj/Tloc      61%        2d13      1%          4
d - Conjure Ball Lightni  Conj/Air       51%        3x3d18    1%          6

Your spell library contained the following spells:

 Spells                   Type           Power      Damage    Failure   Level
 Searing Ray              Conj           100%       2d8       0%          2
 Poisonous Vapours        Pois/Air       100%       N/A       1%          2
 Dazzling Flash           Conj/Hex       100%       N/A       1%          3
 Sting                    Tmut/Pois      68%        1d6       2%          1
 Tukima's Dance           Hex            17%        N/A       8%          3
 Olgreb's Toxic Radiance  Pois           17%        N/A       26%         4
 Passage of Golubria      Tloc           17%        N/A       26%         4
 Lee's Rapid Deconstruct  Erth           8%         3d8*      56%         5
 Yara's Violent Unravell  Hex/Tmut       8%         3d5       56%         5
 Discord                  Hex            8%         N/A       100%        8
 Disjunction              Tloc           8%         N/A       100%        8


Dungeon Overview and Level Annotations

Branches:
Dungeon (1/1)

Altars:
Ashenzari
Cheibriados
Dithmenos
Fedhas
Gozag
Hepliaklqana
Kikubaaqudgha
Makhleb
Nemelex Xobeh
Okawaru
Qazlal
Ru
Sif Muna
Trog
Uskayaw
Vehumet
Wu Jian
Xom
Yredelemnul
Jiyva
Lugonu


Innate Abilities, Weirdness & Mutations

You have a pair of small horns on your head.
Your demonic aura often causes spilled blood to erupt in flames.
When hurt, damage is shared between your health and your magic reserves.
You regenerate magic rapidly.
Your movements are slightly less encumbered by armour. (ER -2)


Message History

Qazlal accepts your kill.
The +1 halberd of freezing hits you from afar!!
* * * LOW HITPOINT WARNING * * *
The +1 halberd of freezing freezes you!
* * * LOW HITPOINT WARNING * * *
Your Air Magic skill increases to level 11!
Your Invocations skill increases to level 19!
You feel much better.
The deep elf zephyrmancer gestures at you while chanting.
The bolt of lightning hits the +5 scimitar of protection.
The +5 scimitar of protection completely resists.
The bolt of lightning hits you. You resist.
You feel more protected from electricity.
* * * LOW HITPOINT WARNING * * *
The +1 halberd of freezing hits you from afar!
* * * LOW HITPOINT WARNING * * *
The +1 halberd of freezing freezes you.
* * * LOW HITPOINT WARNING * * *
You block the +5 scimitar of protection's attack.
The +1 short sword of draining hits you!
* * * LOW HITPOINT WARNING * * *
You partially resist.
You feel drained.
* * * LOW HITPOINT WARNING * * *
Blink to where?
Press: ? - help, Dir - move target, p - deep elf blademaster
As you read the scroll of blinking, it crumbles to dust.
The deep elf zephyrmancer points at you and mumbles some strange words.
The bolt of lightning hits you. You resist.
You feel more protected from electricity.
* * * LOW HITPOINT WARNING * * *
The deep elf sorcerer casts a spell.
The deep elf sorcerer seems to speed up.
You feel much better.
The +1 short sword of draining is engulfed in blazing flames.
The deep elf master archer wields a +0 longbow.
The deep elf master archer shoots an arrow.
The arrow hits you!!!
* * * LOW HITPOINT WARNING * * *
The +1 halberd of freezing hits you from afar!!
You die...

▓...}|))
▓..=≈≈})..▓.)..)|)
▓.e..e....▓..()÷..
▓....≈)≈..▓....÷..
▓...e.≈.. ▓....)..
▓...≈≈e...▓......)
▓..▓.e.▓..▓....)..
▓☼▓(....▓.▓.▓..)..
▓@(.(☼○...▓....©..
▓▓▓▓▓▓▓▓▓▓▓▓▓▓▓▓▓▓


You could see a deep elf blademaster, a deep elf master archer, a deep elf
sorcerer (fast), a deep elf pyromancer, a deep elf zephyrmancer and 3 dancing
weapons.

Vanquished Creatures
  A lich (D)
  2 stone giants (D)
  2 green draconians (D)
  A purple draconian (D)
  A yellow draconian (D)
  A deep elf annihilator (D)
  7 vault guards (D)
  A deep elf archer (D)
  A deep elf zephyrmancer (D)
  2 draconians (D)
  An apocalypse crab (D)
  An ancient zyme (D)
  2 jumping spiders (D)
  3 spriggans (D)
  2 nagas (D)
  3 water moccasins (D)
  A black bear (D)
  3 wolves (D)
  2 scorpions (D)
  A crimson imp (D)
  3 quasits (D)
  2 orc priests (D)
  3 iron imps (D)
  An orc wizard (D)
  3 adders (D)
  3 shadow imps (D)
  3 white imps (D)
  An ufetubus (D)
  An adder zombie (D)
  4 orcs (D)
  A ball python (D)
  A bat skeleton (D)
  A jackal skeleton (D)
  A quokka skeleton (D)
  A quokka zombie (D)
67 creatures vanquished.

Vanquished Creatures (others)
  3 ball lightnings (D)
  2 fulminant prisms (D)
5 creatures vanquished.

Grand Total: 72 creatures vanquished

Notes
Turn   | Place    | Note
-------+----------+-------------------------------------------
     0 | D        | theswoord the Demonspawn Conjurer began the quest for the
                  | Orb.
     0 | D        | Reached XP level 1. HP: 13/13 MP: 3/3
     0 | D        | Found a shimmering blue altar of Sif Muna.
     0 | D        | Found a sacrificial altar of Ru.
     0 | D        | Found a bloodstained altar of Trog.
     0 | D        | Found a stormy altar of Qazlal.
     0 | D        | Found an iron altar of Okawaru.
     0 | D        | Found a sparkling altar of Nemelex Xobeh.
     0 | D        | Found a blossoming altar of Fedhas.
     0 | D        | Found the +6 Majin-Bo {vamp, MP+6 Int+6}
     0 | D        | Found the +9 heavy crossbow "Sniper" {vorpal, Acc+∞ SInv}
     0 | D        | Found the +10 dark maul {vorpal}
     0 | D        | Found the +15 Maxwell's patent armour {-Cast -Tele rElec
                  | Will+ rCorr}
     0 | D        | Found the +18 shield of the Gong {rElec rN+ Will+ EV-5}
     0 | D        | Found the +14 obsidian axe {vorpal, Mesm Drain Fly SInv}
     0 | D        | Found the +7 great mace "Firestarter" {inner flame, rF++}
     0 | D        | Found the +6 shillelagh "Devastator" {shatter}
     0 | D        | Found the +11 plutonium sword {Contam Stlth-}
     0 | D        | Found the +8 lance "Wyrmbane" {slay drac, rPois rF+ rC+
                  | AC+3}
     0 | D        | Found the +9 sword of Zonguldrok {reap}
     0 | D        | Found the +13 scythe of Curses {drain, Drain}
     0 | D        | Found the +5 sword of Power {vorpal}
     0 | D        | Found the +7 mace of Variability {chain chaos}
     0 | D        | Found the +7 Singing Sword {vorpal, sonic wave}
     0 | D        | Found the +8 storm bow {elec, penet}
     2 | D        | Found a transporter.
     2 | D        | Found an ancient bone altar of Kikubaaqudgha.
     2 | D        | Found a viscous altar of Jiyva.
     2 | D        | Found a corrupted altar of Lugonu.
     2 | D        | Found a hazy altar of Hepliaklqana.
     2 | D        | Found a burning altar of Makhleb.
     2 | D        | Found an opulent altar of Gozag.
    47 | D        | Became a worshipper of Qazlal Stormbringer
    72 | D        | Gained mutation: Your demonic aura sometimes causes spilled
                  | blood to erupt in flames. [demonic ancestry]
    72 | D        | Reached XP level 2. HP: 19/19 MP: 5/5
   109 | D        | Entered arena 2.
   109 | D        | Noticed a wolf
   109 | D        | Noticed a wolf
   109 | D        | Found a transporter.
   113 | D        | Killed a wolf
   114 | D        | Reached skill level 5 in Conjurations
   114 | D        | Reached skill level 4 in Invocations
   114 | D        | Gained mutation: You regenerate magic rapidly. [demonic
                  | ancestry]
   114 | D        | Reached XP level 3. HP: 29/29 MP: 6/8
   114 | D        | Gained mutation: Your demonic aura often causes spilled
                  | blood to erupt in flames. [demonic ancestry]
   114 | D        | Reached XP level 4. HP: 35/35 MP: 6/9
   115 | D        | Killed a wolf
   116 | D        | Reached skill level 5 in Invocations
   116 | D        | Gained mutation: You have a pair of small horns on your
                  | head. [demonic ancestry]
   116 | D        | Reached XP level 5. HP: 33/42 MP: 7/11
   120 | D        | Got the ring of Qout {rCorr Str+4 Int+4 Dex+6}
   187 | D        | Entered arena 3.
   187 | D        | Found a transporter.
   189 | D        | Reached * piety under Qazlal
   190 | D        | Reached skill level 6 in Invocations
   203 | D        | Entered arena 4.
   203 | D        | Found a transporter.
   205 | D        | Reached ** piety under Qazlal
   207 | D        | Reached skill level 5 in Fighting
   207 | D        | Reached skill level 5 in Spellcasting
   209 | D        | Reached *** piety under Qazlal
   210 | D        | Reached skill level 7 in Invocations
   210 | D        | Gained mutation: When hurt, damage is shared between your
                  | health and your magic reserves. [demonic ancestry]
   210 | D        | Reached XP level 6. HP: 19/51 MP: 14/14
   408 | D        | Learned a level 4 spell: Fulminant Prism
   413 | D        | Learned a level 4 spell: Iskenderun's Mystic Blast
   421 | D        | Got the +7 great sword "Muel" {spect, Will+}
   423 | D        | Entered arena 5.
   423 | D        | Noticed a jumping spider
   423 | D        | Noticed a jumping spider
   423 | D        | Found a transporter.
   432 | D        | Killed a jumping spider
   433 | D        | Reached skill level 8 in Invocations
   436 | D        | Reached XP level 7. HP: 59/59 MP: 6/16
   441 | D        | Killed a jumping spider
   442 | D        | Reached skill level 9 in Invocations
   491 | D        | Entered arena 6.
   491 | D        | Noticed a spriggan
   491 | D        | Noticed a spriggan
   491 | D        | Noticed a spriggan
   491 | D        | Found a transporter.
   493 | D        | Killed a spriggan
   493 | D        | Reached **** piety under Qazlal
   493 | D        | Killed a spriggan
   493 | D        | Killed a spriggan
   494 | D        | Reached skill level 5 in Armour
   494 | D        | Reached skill level 10 in Invocations
   494 | D        | Gained mutation: Your movements are slightly less
                  | encumbered by armour. (ER -2) [demonic ancestry]
   494 | D        | Reached XP level 8. HP: 49/68 MP: 12/19
   596 | D        | Entered arena 7.
   596 | D        | Noticed an ancient zyme
   596 | D        | Noticed an apocalypse crab
   597 | D        | Reached ***** piety under Qazlal
   598 | D        | Killed an apocalypse crab
   599 | D        | Reached skill level 11 in Invocations
   601 | D        | Killed an ancient zyme
   602 | D        | Found a transporter.
   805 | D        | Entered arena 8.
   805 | D        | Noticed a green draconian
   805 | D        | Noticed a purple draconian
   805 | D        | Noticed a draconian
   805 | D        | Noticed a green draconian
   805 | D        | Noticed a draconian
   805 | D        | Noticed a yellow draconian
   806 | D        | Killed a draconian
   807 | D        | Reached skill level 10 in Conjurations
   807 | D        | Reached XP level 9. HP: 59/74 MP: 11/21
   809 | D        | Killed a draconian
   810 | D        | Reached skill level 12 in Invocations
   814 | D        | Found a transporter.
   819 | D        | Killed a purple draconian
   819 | D        | Killed a yellow draconian
   820 | D        | Reached skill level 13 in Invocations
   820 | D        | Reached XP level 10. HP: 27/80 MP: 14/23
   820 | D        | Killed a green draconian
   821 | D        | Reached skill level 10 in Spellcasting
   822 | D        | Killed a green draconian
   823 | D        | Reached skill level 14 in Invocations
  1238 | D        | Entered arena 9.
  1246 | D        | Found a transporter.
  1260 | D        | Entered arena 10.
  1262 | D        | Reached ****** piety under Qazlal
  1265 | D        | Found a transporter.
  1287 | D        | Entered arena 11.
  1287 | D        | Found the +3 warlock's mirror {reflect}
  1289 | D        | Reached skill level 15 in Invocations
  1296 | D        | Reached skill level 16 in Invocations
  1296 | D        | Found a transporter.
  1306 | D        | Got the amulet of Zofack {RegenMP Rampage}
  1322 | D        | Learned a level 6 spell: Conjure Ball Lightning
  1454 | D        | Entered arena 12.
  1454 | D        | Noticed a stone giant
  1454 | D        | Noticed a lich
  1454 | D        | Noticed a vault guard
  1454 | D        | Noticed a vault guard
  1454 | D        | Noticed a vault guard
  1454 | D        | Noticed a vault guard
  1454 | D        | Noticed a vault guard
  1454 | D        | Noticed a stone giant
  1455 | D        | Noticed a vault guard
  1456 | D        | Killed a lich
  1456 | D        | Killed a vault guard
  1456 | D        | Killed a vault guard
  1456 | D        | Killed a stone giant
  1456 | D        | Killed a stone giant
  1456 | D        | Killed a vault guard
  1457 | D        | Reached skill level 18 in Invocations
  1457 | D        | Reached XP level 11. HP: 59/86 MP: 4/25
  1459 | D        | Identified the +8 dire flail "Zugugups" {venom, MP+9}
  1459 | D        | Noticed a vault guard
  1461 | D        | Killed a vault guard
  1462 | D        | Killed a vault guard
  1462 | D        | Killed a vault guard
  1463 | D        | Reached skill level 10 in Air Magic
  1468 | D        | Killed a vault guard
  1752 | D        | Found a transporter.
  1787 | D        | Entered arena 13.
  1787 | D        | Found the +6 arbalest "Damnation" {damnation}
  1787 | D        | Noticed a +1 halberd of freezing
  1787 | D        | Noticed a deep elf zephyrmancer
  1787 | D        | Noticed a deep elf annihilator
  1787 | D        | Noticed a deep elf master archer
  1787 | D        | Noticed a deep elf zephyrmancer
  1787 | D        | Noticed a deep elf sorcerer
  1787 | D        | Noticed a +5 scimitar of protection
  1787 | D        | Noticed a deep elf archer
  1788 | D        | Noticed a deep elf blademaster
  1788 | D        | Noticed a +1 short sword of draining
  1788 | D        | Noticed a deep elf pyromancer
  1789 | D        | Killed a deep elf zephyrmancer
  1790 | D        | Killed a deep elf archer
  1790 | D        | Killed a deep elf annihilator
  1791 | D        | Reached skill level 19 in Invocations
  1793 | D        | HP: 4/84 [deep elf master archer/arrow (34)]
  1793 | D        | Demolished by a +1 halberd of freezing

Skill      XL: |  1  2  3  4  5  6  7  8  9 10 11 |
---------------+----------------------------------+-----
Ranged Weapons | 6 |  6.7
Fighting       | 3 4 5 6 8 |  8.1
Spellcasting   | 3 4 5 6 7 8 9 10 | 10.5
Conjurations   | 5 6 7 9 10 11 13 14 | 14.5
Invocations    | 4 5 7 8 10 11 13 18 19 | 19.2
Armour         | 3 5 6 8 |  8.9
Evocations     | 4 6 7 |  7.6
Air Magic      | 8 11 | 11.3
Dodging        | |  1.7
Stealth        | |  1.7

Action                   |  1- 3 |  4- 6 |  7- 9 | 10-12 || total
-------------------------+-------+-------+-------+-------++-------
Melee: Great sword       |       |       |       |     4 ||     4
 Fire: Longbow           |       |    10 |     7 |    17 ||    34
 Cast: Fulminant Prism   |       |     1 |       |     1 ||     2
       Conjure Ball Ligh |       |       |       |     1 ||     1
Invok: Upheaval          |       |     2 |     5 |     8 ||    15
       Disaster Area     |       |       |     2 |     2 ||     4
Evoke: Lightning rod     |     2 |     8 |       |       ||    10
       Phial of floods   |       |     1 |       |       ||     1
       Tin of tremorston |       |       |     5 |       ||     5
       Phantom mirror    |       |       |     1 |       ||     1
  Use: Potion            |     2 |       |     4 |     3 ||     9
       Scroll            |       |     1 |     1 |     1 ||     3
Armor: Crystal plate arm |    10 |    33 |     9 |     8 ||    60
       Robe              |       |       |     1 |       ||     1
Dodge: Dodged            |       |     2 |       |     3 ||     5
       Repelled          |       |       |       |     1 ||     1
Block: Other             |       |     3 |     5 |     5 ||    13

Levels and vault maps discovered:
D:        sprint_v [room_start, room_1, room_2, room_3, room_4, room_5, room_6,
          room_7, room_8, room_9, room_10, room_11, room_12, room_13, room_14,
          room_15, room_16, room_17, room_18, room_19, room_20, room_21,
          room_22, room_23, room_24, room_25, room_26, room_27]
